 Dungeon Crawl Stone Soup version 0.21-a0-618-g6cbd37f (webtiles) character file.

12122 nikopol the Cleaver (level 11, -8/151 HPs)
             Began as a Minotaur Berserker on Dec 23, 2017.
             Was a High Priest of Trog.
             Mangled by a bone dragon (9 damage)
             ... on level 2 of the Abyss.
             The game lasted 00:26:18 (9153 turns).

nikopol the Cleaver (Minotaur Berserker)            Turns: 9153, Time: 00:26:19

Health: -8/151     AC:  8    Str: 27    XL:     11   Next: 58%
Magic:  0/10       EV: 14    Int:  4    God:    Trog [*****.]
Gold:   347        SH:  0    Dex: 13    Spells: 10/10 levels left

rFire    + . .     SeeInvis .   a - +8 hand axe of Vaucwo {drain, rF+}
rCold    . . .     Gourm    .   (no shield)
rNeg     . . .     Faith    .   u - +0 scale mail
rPois    +         Spirit   +   w - +0 hat
rElec    .         Reflect  .   h - scarf {Spirit}
rCorr    .         Harm     .   (no gloves)
MR       .....                  (no boots)
Stlth    ..........             (no amulet)
HPRegen  0.35/turn              r - ring of poison resistance
MPRegen  0.12/turn              D - +1 ring of evasion

@: berserking, very quick
A: retaliatory headbutt, horns 2
a: Berserk, Trog's Hand, Brothers in Arms, Burn Spellbooks, Renounce Religion


You were on level 2 of the Abyss.
You worshipped Trog.
Trog was extremely pleased with you.
You were not hungry.

You visited 1 branch of the dungeon, and saw 9 of its levels.
You visited the Abyss 1 time.

You collected 347 gold pieces.

Inventory:

Hand Weapons
 a - the +8 hand axe of Vaucwo (weapon) {drain, rF+}
   (You found it on level 7 of the Dungeon)

   A truly terrible weapon, it drains the life of those it strikes.
   It protects you from fire.
 b - a +0 hand axe
 s - a +1 shortbow
 y - a +1 war axe of flaming
 z - a +3 longbow of velocity
Missiles
 g - 136 arrows
Armour
 h - a scarf of spirit shield (worn)
 m - a +0 cloak
 u - a +0 scale mail (worn)
 w - a +0 hat (worn)
Jewellery
 q - an uncursed ring of see invisible {unknown}
 r - a ring of poison resistance (left hand)
 D - a +1 ring of evasion (right hand)
 H - the cursed ring "Pydix" {rPois MP+9 Str+4 Dex-3, unknown}
   (You found it on level 2 of the Abyss)

   [ring of dexterity]

   It affects your strength (+4).
   It affects your dexterity (-3).
   It protects you from poison.
   It affects your magic capacity (+9).
   It has a curse placed upon it.
Wands
 p - a wand of paralysis (17)
 x - a wand of clouds (6)
 B - a wand of flame (30)
 F - a wand of polymorph (9)
Scrolls
 f - 4 scrolls of identify
 i - a scroll of enchant armour {unknown}
 j - a scroll of teleportation
 k - a scroll of magic mapping {unknown}
 l - 3 scrolls of remove curse
 o - a scroll of enchant weapon
 A - a scroll of fog
 E - a scroll of noise {unknown}
Potions
 d - 4 potions of heal wounds
 e - a potion of flight {unknown}
 n - 3 potions of agility
 t - 3 potions of haste
 v - 2 potions of brilliance
 C - 2 potions of curing
 G - 2 potions of might {unknown}
Comestibles
 c - 13 rations


   Skills:
 + Level 10.6 Fighting
 + Level 12.3 Axes
 + Level 10.1 Bows
 + Level 9.2 Armour
 + Level 6.1 Dodging
 + Level 2.4 Stealth


You had 10 spell levels left.
You didn't know any spells.

Dungeon Overview and Level Annotations

Branches:
Dungeon (9/15)             Temple (0/1) D:7            Lair (0/6) D:9
    Orc: D:9-12

Altars:
Hepliaklqana
Kikubaaqudgha
Makhleb
Sif Muna
Trog
Uskayaw

Shops:
D:5 [


Innate Abilities, Weirdness & Mutations

You reflexively headbutt those who attack you in melee.
You have a pair of horns on your head.


Message History

Your ogre barely misses the bone dragon.
The bone dragon completely misses you. You furiously retaliate!
You headbutt the bone dragon. The bone dragon claws you.
* * * LOW HITPOINT WARNING * * *
The bone dragon tramples you!
* * * LOW HITPOINT WARNING * * *
You hold your ground!
Your ogre hits the bone dragon with a giant spiked club!!!
You hit the bone dragon but do no damage.
You headbutt the bone dragon!
The bone dragon is severely damaged.
You hit the bone dragon.
You headbutt the bone dragon, but do no damage.
The bone dragon is severely damaged.
The bone dragon bites you.
* * * LOW HITPOINT WARNING * * *
The bone dragon claws you!
* * * LOW HITPOINT WARNING * * *
The bone dragon tramples you!
You die...

## .. #
.# #
.#..##.
#....## #
. . ...
##@# #
.##D##.#
# # .O#
.. . .(.#
. .
#....#./#
#(#|# . (
#(... .
#. #. # .
.# . . .#
# . .


You could see a bone dragon and a friendly ogre (berserk).

Vanquished Creatures
  Gastronok (D:8)
  A two-headed ogre (D:8)
  A sixfirhy (Abyss:2)
  2 starcursed masses (Abyss:2)
  Pikel (D:6)
  A demonic crawler (Abyss:2)
  The ghost of M4edhros the Sneak, a novice OpAr of Cheibriados (D:6)
  2 hippogriffs
  Grinder (D:3)
  6 slime creatures (D:9)
  2 ynoxinuls (Abyss:2)
  A neqoxec (Abyss:2)
  4 golden eyes (Abyss:2)
  Grum (D:8)
  A water moccasin (D:6)
  3 orc warriors
  6 ice beasts
  4 slaves (D:6)
  A black bear (D:9)
  4 phantoms
  3 sky beasts
  4 ogres
  4 wolves (D:8)
  2 centaurs
  4 bullfrogs
  A wyvern skeleton (D:7)
  10 killer bees
  3 wights (D:7)
  2 small abominations (Abyss:2)
  2 crimson imps
  A quasit (Abyss:2)
  3 centaur skeletons
  4 hounds
  4 jellies
  5 orc priests
  Crazy Yiuf (D:2)
  An iguana (D:7)
  4 orc wizards
  Natasha (thrice) (D:2)
  7 worker ants
  A killer bee zombie (D:8)
  A hound zombie (D:5)
  A hound skeleton (D:5)
  Robin (D:2)
  A worker ant zombie (D:8)
  12 gnolls
  A howler monkey skeleton (D:7)
  10 adders
  A shadow imp (D:6)
  3 oozes
  3 adder skeletons
  2 worms
  A dart slug (D:2)
  6 leopard geckos
  22 orcs
  3 ball pythons
  7 bats
  11 giant cockroaches
  11 goblins
  7 hobgoblins
  11 jackals
  7 kobolds
  7 quokkas
  5 frilled lizards
  A leopard gecko skeleton (D:7)
  4 rats
252 creatures vanquished.

Notes
Turn   | Place    | Note
-------+----------+-------------------------------------------
     0 | D:1      | nikopol the Minotaur Berserker began the quest for the Orb.
     0 | D:1      | Reached XP level 1. HP: 19/19 MP: 0/0
   198 | D:1      | Reached XP level 2. HP: 14/27 MP: 1/1
   532 | D:1      | Reached skill level 4 in Axes
   951 | D:2      | Reached XP level 3. HP: 34/34 MP: 0/2
   968 | D:2      | Found a faded altar of an unknown god.
  1071 | D:2      | Reached XP level 4. HP: 38/41 MP: 3/3
  1308 | D:2      | Noticed Natasha
  1310 | D:2      | Killed Natasha
  1310 | D:2      | Reached ** piety under Trog
  1310 | D:2      | Reached skill level 5 in Axes
  1320 | D:2      | Noticed Natasha
  1325 | D:2      | Killed Natasha
  1385 | D:2      | Found a hide-covered altar of Uskayaw.
  1385 | D:2      | Found a bloodstained altar of Trog.
  1386 | D:2      | Found an ancient bone altar of Kikubaaqudgha.
  1471 | D:2      | Noticed Robin
  1488 | D:2      | Killed Robin
  1488 | D:2      | Reached XP level 5. HP: 47/47 MP: 4/4
  1506 | D:2      | Reached skill level 5 in Fighting
  1846 | D:2      | Noticed Natasha
  1850 | D:2      | Killed Natasha
  2003 | D:2      | Found a runed door.
  2007 | D:2      | Noticed Crazy Yiuf
  2011 | D:2      | Killed Crazy Yiuf
  2011 | D:2      | Reached skill level 6 in Axes
  2207 | D:3      | Reached skill level 1 in Stealth
  2219 | D:3      | Reached XP level 6. HP: 29/56 MP: 2/5
  2629 | D:3      | Noticed Grinder
  2648 | D:3      | Killed Grinder
  2648 | D:3      | Reached skill level 7 in Axes
  2800 | D:3      | Found a hazy altar of Hepliaklqana.
  2845 | D:3      | Reached XP level 7. HP: 54/62 MP: 6/6
  3189 | D:4      | Reached *** piety under Trog
  3709 | D:4      | You fall through a shaft!
  3709 | D:5      | Entered Level 5 of the Dungeon
  3786 | D:5      | Reached skill level 8 in Axes
  3840 | D:5      | Found Duilu's Armour Shop.
  4609 | D:5      | Reached XP level 8. HP: 39/70 MP: 4/7
  4775 | D:5      | Reached skill level 5 in Armour
  5044 | D:6      | Reached skill level 9 in Axes
  5186 | D:6      | Noticed M4edhros's ghost (novice OpAr)
  5199 | D:6      | Killed M4edhros's ghost
  5199 | D:6      | Reached skill level 1 in Bows
  5519 | D:6      | Noticed Pikel
  5557 | D:6      | Killed Pikel
  5557 | D:6      | Reached XP level 9. HP: 63/79 MP: 8/8
  5600 | D:6      | Reached skill level 10 in Axes
  6191 | D:7      | Reached **** piety under Trog
  6348 | D:7      | Reached skill level 5 in Bows
  6638 | D:7      | Found a staircase to the Ecumenical Temple.
  6802 | D:7      | Reached XP level 10. HP: 45/90 MP: 5/9
  7084 | D:7      | Reached skill level 5 in Dodging
  7223 | D:7      | Got a faintly glowing hand axe
  7320 | D:8      | Noticed Grum
  7333 | D:8      | Killed Grum
  7335 | D:8      | Noticed Gastronok
  7572 | D:8      | Killed Gastronok
  7572 | D:8      | Reached skill level 11 in Axes
  7810 | D:8      | Reached ***** piety under Trog
  7967 | D:8      | Noticed a two-headed ogre
  7978 | D:8      | Killed a two-headed ogre
  8034 | D:8      | Found a burning altar of Makhleb.
  8034 | D:8      | Noticed an Executioner
  8037 | D:8      | Noticed an orange demon
  8297 | D:8      | Identified the +8 hand axe of Vaucwo {drain, rF+} (You found it on level 7 of the Dungeon)
  8359 | D:9      | Reached skill level 10 in Fighting
  8359 | D:9      | Reached XP level 11. HP: 86/99 MP: 7/10
  8376 | D:9      | Found a staircase to the Lair.
  8395 | D:9      | Found a deep blue altar of Sif Muna.
  8463 | D:9      | Received a gift from Trog
  8844 | D:9      | Noticed a wizard
  8845 | D:9      | Noticed an orc sorcerer
  8850 | D:9      | Cast into level 2 of the Abyss (a wizard)
  8853 | Abyss:2  | Found a corrupted altar of Lugonu.
  8860 | Abyss:2  | Got a coiled golden ring
  8895 | Abyss:2  | Noticed a sixfirhy
  8902 | Abyss:2  | Killed a sixfirhy
  8998 | Abyss:2  | Noticed a starcursed mass
  9023 | Abyss:2  | Killed a starcursed mass
  9023 | Abyss:2  | Killed a starcursed mass
  9023 | Abyss:2  | Reached skill level 12 in Axes
  9060 | Abyss:2  | Reached skill level 10 in Bows
  9074 | Abyss:2  | Noticed a large abomination
  9142 | Abyss:2  | Noticed a bone dragon
  9153 | Abyss:2  | HP: 1/151 [bone dragon (14)]
  9153 | Abyss:2  | Mangled by a bone dragon

Vault maps used:
D:1:      lightli_arrival_maybe_door_vault, minmay_misc_feat_tower,
          minmay_domino_2
D:2:      gammafunk_temple_overflow_claw, chequers_ecumenical_altar_simple,
          uniq_robin, uniq_natasha, uniq_crazy_yiuf_cottage
D:3:      nicolae_overflow_crystal_walls, uniq_grinder
D:4:      first_ration
D:5:      serial_shops, nicolae_shop_stone
D:6:      portal_sewer_entry_f, minmay_misc_feat_pillars, serial_park_tiny_2,
          kennysheep_generic_room_5, uniq_pikel
D:7:      minmay_temple_entry_mist
D:8:      makhleb_altar_promises_db, uniq_gastronok, uniq_grum
D:9:      cheibrodos_wizards_tower, lemuel_round_altar, kennysheep_mini,
          lair_entry_dummy, hangedman_little_slice_of_home

Skill      XL: |  1  2  3  4  5  6  7  8  9 10 11 |
---------------+----------------------------------+-----
Fighting       | 4 5 6 7 8 10 | 10.6
Axes           | 4 5 6 7 8 9 10 11 12 | 12.3
Armour         | 3 4 6 7 8 9 |  9.2
Dodging        | 3 4 5 6 |  6.1
Stealth        | 1 2 |  2.4
Bows           | 3 6 8 10 | 10.1

Action                   |  1- 3 |  4- 6 |  7- 9 | 10-12 || total
-------------------------+-------+-------+-------+-------++-------
Melee: Hand axe          |    49 |   113 |   174 |    94 ||   430
       Headbutt          |     7 |    24 |    47 |    45 ||   123
       War axe           |       |       |   106 |    76 ||   182
 Fire: Shortbow          |       |       |   122 |    79 ||   201
       Longbow           |       |       |       |    22 ||    22
Invok: Berserk           |     1 |     3 |     3 |     5 ||    12
       Trog's Hand       |       |       |       |     1 ||     1
       Brothers in Arms  |       |       |       |     1 ||     1
  Use: Scroll            |       |       |    15 |     2 ||    17
 Stab: Sleeping          |     1 |       |       |       ||     1
  Eat: Chunk             |     2 |     8 |    15 |     6 ||    31
       Ration            |       |       |       |     2 ||     2
Armor: Animal skin       |     8 |     9 |       |       ||    17
       Scale mail        |       |       |    91 |    30 ||   121
Dodge: Dodged            |    28 |    67 |   143 |   116 ||   354

Table legend:
 A = Spawn XP
 B = Non-spawn XP
 C = Spawn XP percentage of total XP
 D = Spawn monster count
 E = Non-spawn monster count
 F = Spawn count percentage of total count
 G = Total turns spent on level
                    A         B        C        D         E        F      G
               +---------+---------+-------+---------+---------+-------+---------
         Total |    1584 |   15734 |   9.1 |       8 |     240 |   3.2 |  9153
               +---------+---------+-------+---------+---------+-------+---------
           D:1 |       0 |      24 |   0.0 |       0 |      14 |   0.0 |   897
           D:2 |       0 |     325 |   0.0 |       0 |      35 |   0.0 |  1253
           D:3 |       0 |     455 |   0.0 |       0 |      30 |   0.0 |   998
           D:4 |       0 |      89 |   0.0 |       0 |      14 |   0.0 |  1029
           D:5 |       0 |     799 |   0.0 |       0 |      24 |   0.0 |   927
           D:6 |       0 |    2037 |   0.0 |       0 |      21 |   0.0 |  1071
           D:7 |       0 |    2237 |   0.0 |       0 |      44 |   0.0 |  1322
           D:8 |       0 |    4822 |   0.0 |       0 |      32 |   0.0 |   819
           D:9 |       0 |    2445 |   0.0 |       0 |      20 |   0.0 |   534
       Abyss:2 |    1584 |    2501 |  38.8 |       8 |       6 |  57.1 |   303
               +---------+---------+-------+---------+---------+-------+---------
